 Dungeon Crawl Stone Soup version 0.27.1 (webtiles) character file.

Game seed: 13068008138560355125

291 ZARRMARR the Digger (level 6, -2/36 HPs)
             Began as an Octopode Earth Elementalist on Sept 5, 2021.
             Slain by an orc priest (9 damage)
             ... on level 4 of the Dungeon.
             The game lasted 00:12:47 (4143 turns).

ZARRMARR the Digger (Octopode Earth Elementalist)   Turns: 4143, Time: 00:12:47

Health: -2/36      AC:  1    Str:  8    XL:     6   Next: 32%
Magic:  0/11       EV: 13    Int: 19    God:
Gold:   179        SH:  5    Dex: 12    Spells: 8/12 levels left

rFire    . . .     SeeInvis .   a - staff of conjuration
rCold    . . .     Faith    .   (no shield)
rNeg     + . .     Spirit   .   (helmet restricted)
rPois    .         Reflect  +   g - amulet of reflection
rElec    .         Harm     .   j - ring of positive energy
rCorr    .         Rampage  .   (no ring)
Will     .....                  (no ring)
Stlth    +++.......             (no ring)
HPRegen  0.12/turn              (no ring)
MPRegen  0.12/turn              (no ring)
                                (no ring)
                                (no ring)

@: no status effects
A: almost no armour, amphibious, 8 rings, camouflage 1, gelatinous body 1,
(nimble swimmer 1), tentacles
a: no special abilities


You were on level 4 of the Dungeon.
You visited 1 branch of the dungeon, and saw 4 of its levels.

You collected 179 gold pieces.

Inventory:

Missiles
 m - 34 stones
Magical Staves
 a - a staff of conjuration (weapon)
Jewellery
 g - an amulet of reflection (around mantle)
 j - a ring of positive energy (left tentacle)
Wands
 n - a wand of flame (17)
Scrolls
 b - a scroll of amnesia
 e - a scroll of identify
 h - a scroll of silence
 o - a scroll of brand weapon {unknown}
 p - a scroll of enchant armour {unknown}
Potions
 c - a potion of mutation {unknown}
 d - a potion of lignification {unknown}
 i - a potion of might {unknown}
 k - 3 potions of curing {unknown}
 l - a potion of flight {unknown}


   Skills:
 - Level 2.0 Dodging
 - Level 2.6 Stealth
 + Level 3.8 Spellcasting
 - Level 2.9 Conjurations
 - Level 1.0 Transmutations
 + Level 4.8 Earth Magic


You had 8 spell levels left.
You knew the following spells:

 Your Spells              Type           Power      Damage    Failure   Level
a - Sandblast             Erth           42%        2d11      1%          1
b - Stone Arrow           Conj/Erth      54%        3d10      9%          3

Your spell library contained the following spells:

 Spells                   Type           Power      Damage    Failure   Level
 Passwall                 Tmut/Erth      11%        N/A       6%          2
 Petrify                  Tmut/Erth      14%        N/A       38%         4


Dungeon Overview and Level Annotations

Branches:
Dungeon (4/15)
 Temple: D:4-7

Altars:
Vehumet
Yredelemnul


Innate Abilities, Weirdness & Mutations

You cannot wear most types of armour.
You are amphibious.
You can wear up to eight rings at the same time.
Your skin changes colour to match your surroundings (Stealth+).
Your rubbery body absorbs attacks. (AC +1, EV +1)
((You are camouflaged near water. (Stealth+)))
You have tentacles for arms and can constrict up to eight enemies at once.


Message History

The stone arrow hits the centaur skeleton!!
You destroy the centaur skeleton!
An orc priest is nearby!
Casting: Stone Arrow (dangerous; 9% risk of failure)
Confirm with . or Enter, or press ? or * to list all spells.
Aiming: Stone Arrow (dangerous; 9% risk of failure)
Press: ? - help, Shift-Dir - straight line, f - orc priest
Aim: an orc priest, wielding a +0 quarterstaff and wearing a +1 robe of willpower (wandering, hasn't noticed you, 71% to hit)
You feel a surge of power!
The stone arrow misses the orc priest.
The orc priest shouts!
Casting: Stone Arrow (dangerous; 9% risk of failure)
Confirm with . or Enter, or press ? or * to list all spells.
Aiming: Stone Arrow (dangerous; 9% risk of failure)
Press: ? - help, Shift-Dir - straight line, f/p - orc priest
Aim: an orc priest, wielding a +0 quarterstaff and wearing a +1 robe of willpower (71% to hit)
You feel a surge of power!
The stone arrow misses the orc priest.
Unknown command.
Casting: Stone Arrow (dangerous; 9% risk of failure)
Confirm with . or Enter, or press ? or * to list all spells.
Aiming: Stone Arrow (dangerous; 9% risk of failure)
Press: ? - help, Shift-Dir - straight line, f/p - orc priest
Aim: an orc priest, wielding a +0 quarterstaff and wearing a +1 robe of willpower (71% to hit)
You feel a surge of power!
The stone arrow misses the orc priest.
The orc priest calls down the wrath of Beogh upon you.
Beogh smites you!
You hit the orc priest. You grab the orc priest. You squeeze the orc priest.
The orc priest is heavily wounded.
You constrict the orc priest, but do no damage.
The orc priest calls down the wrath of Beogh upon you.
Beogh smites you!
* * * LOW HITPOINT WARNING * * *
You hit the orc priest.
The orc priest is heavily wounded.
You constrict the orc priest, but do no damage.
The orc priest misses you.
You hit the orc priest.
The orc priest is severely wounded.
You constrict the orc priest.
The orc priest hits you with a +0 quarterstaff!
You die...

#.# #.##..............##
#.###.###...####........
##########.......................
.........#.#########.####.#.###.#
.#######.#.# #)# #.#.# #.#
.#######.#.#########.# #.#.# #.#
.........[...........# #.#.# #.#
########.#.........######.#.#.#.#
..........>....o@................
.###.....##............##.#.#.#.#
.# #.....##.......(....##.#.# #.#
.# #.....##########....# # # .#
#.....# ...... # .# #.....#
....... # (###.....# .......
...'.....# ..... .###.....#


You could see an orc priest.

Vanquished Creatures
  A necrophage (D:3)
  A centaur skeleton (D:4)
  An orc wizard (D:4)
  A gnoll (D:1)
  7 adders
  3 worms
  A dart slug (D:1)
  4 orcs
  4 ball pythons
  5 bats
  11 endoplasms
  7 giant cockroaches
  7 goblins
  5 hobgoblins
  A quokka (D:1)
  3 frilled lizards
  3 kobolds
  4 rats
69 creatures vanquished.

Notes
Turn   | Place    | Note
-------+----------+-------------------------------------------
     0 | D:1      | ZARRMARR the Octopode Earth Elementalist began the quest
                  | for the Orb.
     0 | D:1      | Reached XP level 1. HP: 11/11 MP: 3/3
   194 | D:1      | Reached XP level 2. HP: 16/17 MP: 0/5
   344 | D:1      | Reached skill level 1 in Conjurations
   646 | D:1      | Reached XP level 3. HP: 21/21 MP: 4/6
   650 | D:1      | Learned a level 3 spell: Stone Arrow
  1582 | D:2      | Found a radiant altar of Vehumet.
  1620 | D:2      | Reached XP level 4. HP: 25/27 MP: 4/8
  2762 | D:3      | Noticed a necrophage
  2772 | D:3      | Killed a necrophage
  2773 | D:3      | Reached skill level 4 in Earth Magic
  2773 | D:3      | Reached XP level 5. HP: 31/31 MP: 3/10
  2830 | D:3      | Found a faded altar of an unknown god.
  3134 | D:3      | Found a basalt altar of Yredelemnul.
  3501 | D:4      | Reached XP level 6. HP: 36/36 MP: 7/11
  4143 | D:4      | Slain by an orc priest

Illustrated notes

Levels and vault maps discovered:
D:1:      saegor_arrival_under_anarchy, layout_basic
D:2:      layout_loops_cross, basic_altar
D:3:      layout_rooms, mainiacjoe_overflow_chevrons,
          hellmonk_ecumenical_altar_lost_god, minmay_ruptured
D:4:      layout_basic

Skill      XL: |  1  2  3  4 |
---------------+-------------+-----
Conjurations   | 1 2 |  2.9
Spellcasting   | 3 |  3.8
Earth Magic    | 4 |  4.8
Dodging        | |  2.0
Stealth        | |  2.6
Transmutations | |  1.0

Action                   |  1- 3 |  4- 6 || total
-------------------------+-------+-------++-------
Melee: Staff             |    12 |    40 ||    52
       Constrict         |     1 |     9 ||    10
       Tentacles         |     1 |     7 ||     8
 Cast: Sandblast         |    41 |    21 ||    62
       Stone Arrow       |       |    30 ||    30
  Use: Potion            |     1 |     1 ||     2
       Scroll            |       |     4 ||     4
Armor: Skin              |       |     2 ||     2
Dodge: Dodged            |    14 |    19 ||    33
Block: Other             |     1 |     4 ||     5
